 Dungeon Crawl Stone Soup version 0.21-a0-442-g848f44b (webtiles) character file.

49 kae the Digger (level 3, 0/20 HPs)
             Began as a Gargoyle Earth Elementalist on Nov 12, 2017.
             Killed from afar by Natasha (8 damage)
             ... with a magic dart
             ... on level 3 of the Dungeon.
             The game lasted 00:01:50 (1414 turns).

kae the Digger (Gargoyle Earth Elementalist)        Turns: 1414, Time: 00:01:51

Health: 0/20       AC:  5    Str: 11    XL:     3   Next: 77%
Magic:  0/7        EV: 12    Int: 16    God:
Gold:   82         SH:  0    Dex: 10    Spells: 3/7 levels left

rFire    . . .     SeeInvis .   a - +0 club
rCold    . . .     Gourm    .   (no shield)
rNeg     + . .     Faith    .   c - +0 robe
rPois    ∞         Spirit   .   (no helmet)
rElec    +         Reflect  .   (no cloak)
rCorr    .         Harm     .   (no gloves)
MR       .....                  (no boots)
Stlth    ++........             (no amulet)
HPRegen  0.06/turn              (no ring)
MPRegen  0.10/turn              (no ring)

@: very slightly contaminated, slowed, very slow
A: negative energy resistance 1, electricity resistance, unbreathing,
petrification resistance, rot immunity, AC +3
a: no special abilities


You were on level 3 of the Dungeon.
You were not hungry.

You visited 1 branch of the dungeon, and saw 3 of its levels.

You collected 82 gold pieces.

Inventory:

Hand Weapons
 a - a +0 club (weapon)
Missiles
 b - 114 stones (quivered)
Armour
 c - a +0 robe (worn)
Scrolls
 g - a scroll of fear
Potions
 f - a potion of curing
 h - 2 potions of might {unknown}
 i - a potion of degeneration {unknown}
 j - a potion of flight {unknown}
Books
 e - a book of Geomancy

   Spells                             Type                      Level
   a - Sandblast                      Earth                        1
   b - Passwall                       Transmutation/Earth          2
   c - Stone Arrow                    Conjuration/Earth            3
   d - Petrify                        Transmutation/Earth          4
   e - Lee's Rapid Deconstruction     Earth                        5
Comestibles
 d - a bread ration
 k - a meat ration


   Skills:
 + Level 0.4 Fighting
 + Level 1.6 Dodging
 - Level 2.1 Stealth
 * Level 2.7 Spellcasting
 * Level 0.8 Conjurations
   Level 0.7 Transmutations
 * Level 4.5 Earth Magic


You had 3 spell levels left.
You knew the following spells:

 Your Spells              Type           Power        Failure   Level  Hunger
a - Sandblast             Erth           ###...       3%          1    #......
b - Stone Arrow           Conj/Erth      ##....       19%         3    ###....


Dungeon Overview and Level Annotations

Branches:
Dungeon (3/15)

Altars:

Annotations:
D:2 exclusion: phantom
D:3 Natasha


Innate Abilities, Weirdness & Mutations

You are resistant to torment.
Your stone body is resilient. (AC +3)
You are immune to poison.
You resist negative energy. (rN+)
You are resistant to electric shocks. (rElec)
You can survive without breathing.
You are immune to petrification.
You are immune to rotting.


Message History

Casting: Sandblast
Confirm with . or Enter, or press ? or * to list all spells.
Aiming: Sandblast
Press: ? - help, Shift-Dir - straight line, f/p - Natasha
Aim: Natasha, carrying a wand of flame (?/48) {zapped: 4} (heavily wounded)
The blast of sand hits Natasha.
Natasha is almost dead.
b - 114 stones Natasha stares at you and mumbles some strange words.
The magic dart hits you!
You hit Natasha but do no damage.
Natasha is almost dead.
Natasha zaps a wand.
The puff of flame misses you. Natasha casts a spell at you.
You feel yourself slow down.
You hit Natasha.
Natasha is almost dead.
Natasha stares at you and mumbles some strange words.
The magic dart hits you!
You die...

.... .....
...###....
........
#...... .....
.. ... ...#
#h######
.....##@.....#
.............#
..##.##.######
# #.# #.# #.#
#.# #.# #.#


You could see Natasha.

Vanquished Creatures
  A gnoll (D:2)
  An adder (D:2)
  A worm (D:2)
  A dart slug (D:1)
  6 bats (D:1)
  A goblin (D:1)
  5 hobgoblins
  6 kobolds
  4 rats
26 creatures vanquished.

Notes
Turn   | Place    | Note
-------+----------+-------------------------------------------
     0 | D:1      | kae the Gargoyle Earth Elementalist began the quest for the Orb.
     0 | D:1      | Reached XP level 1. HP: 10/10 MP: 3/3
    15 | D:1      | Noticed an ogre
   149 | D:1      | Reached XP level 2. HP: 6/15 MP: 1/5
   399 | D:1      | Reached skill level 4 in Earth Magic
   914 | D:2      | Reached XP level 3. HP: 8/19 MP: 0/6
   960 | D:2      | Learned a level 3 spell: Stone Arrow
  1117 | D:2      | Noticed a phantom
  1402 | D:3      | Noticed Natasha
  1414 | D:3      | Killed from afar by Natasha

Vault maps used:
D:1:      evilmike_arrival_come_back
D:3:      first_bread, uniq_natasha

Skill      XL: |  1  2 |
---------------+-------+-----
Earth Magic    | 4 |  4.5
Fighting       | |  0.4
Dodging        | |  1.6
Stealth        | |  2.1
Spellcasting   | |  2.7
Conjurations   | |  0.8
Transmutations | |  0.7

Action                   || total
-------------------------++-------
Melee: Unarmed           ||     5
       Club              ||   100
 Cast: Sandblast         ||    34
  Use: Scroll            ||     2
 Stab: Sleeping          ||     3
  Eat: Royal jelly       ||     1
Armor: Robe              ||    64
Dodge: Dodged            ||   126

Table legend:
 A = Spawn XP
 B = Non-spawn XP
 C = Spawn XP percentage of total XP
 D = Spawn monster count
 E = Non-spawn monster count
 F = Spawn count percentage of total count
 G = Total turns spent on level
                    A         B        C        D         E        F      G
               +---------+---------+-------+---------+---------+-------+---------
         Total |       0 |      71 |   0.0 |       0 |      26 |   0.0 |  1414
               +---------+---------+-------+---------+---------+-------+---------
           D:1 |       0 |      30 |   0.0 |       0 |      18 |   0.0 |   895
           D:2 |       0 |      41 |   0.0 |       0 |       8 |   0.0 |   321
               +---------+---------+-------+---------+---------+-------+---------
